Bruins vs Devils

Created - Friday, October 23, 2015 at 02:34

Goals
1 2 3 OT1 SO T
Bruins 0 0 1 0 1 2
Devils 0 0 1 0 0 1
Shots
1 2 3 OT1 SO T
Bruins 7 9 7 1 5 24
Devils 11 2 12 2 5 27

1st period

No Goal

Penalties :
Rod Pelley (ALB) for Fighting (Major) at 1:37, Magnus Nygren (Pro) for Fighting (Major) at 1:37, Kael Mouillierat (Pro) for Interference (Minor) at 5:36, Sena Acolatse (ALB) for High sticking (Minor) at 18:24

2nd period

No Goal

Penalties :
Kevin Porter (Pro) for Hooking (Minor) at 9:25

3rd period

1. Bruins , Cole Schneider 1 (Borna Rendulic) at 10:14
2. Devils , Curtis Hamilton 2 (Darroll Powe) at 17:47

Penalties :
Gabriel Beaupre (ALB) for Fighting (Major) at 1:48, Raman Hrabarenka (Pro) for Fighting (Major) at 1:48, Colin Miller (ALB) for High sticking (Minor) at 2:10, Buddy Robinson (Pro) for Tripping (Minor) at 12:44, Garrett Thompson (ALB) for Fighting (Major) at 16:00, Johan Alm (Pro) for Fighting (Major) at 16:00

Overtime #1

No Goal

Penalties :
No Penalty

Shootout

Penalty Shot by Andrew Agozzino for Bruins - Stopped by Anthony Stolarz
Penalty Shot by Jordan Martinook for Devils - Shot Misses the Net
Penalty Shot by Dennis Everberg for Bruins - Stopped by Anthony Stolarz
Penalty Shot by Matthew Ford for Devils - Stopped by Philipp Grubauer
Penalty Shot by Kevin Porter for Bruins - Stopped by Anthony Stolarz
Penalty Shot by Sean Collins for Devils - Stopped by Philipp Grubauer
Penalty Shot by Cole Schneider for Bruins - Stopped by Anthony Stolarz
Penalty Shot by Darroll Powe for Devils - Stopped by Philipp Grubauer
Penalty Shot by Borna Rendulic for Bruins - Goal!
Penalty Shot by Zach O'Brien for Devils - Stopped by Philipp Grubauer

Penalties :
No Penalty

Goalie Stats

Philipp Grubauer (Pro), 26 saves from 27 shots - (0.963), W, 5-1-3, 65:00 minutes
Anthony Stolarz (ALB), 23 saves from 24 shots - (0.958), OTL, 2-1-3, 65:00 minutes

Players Stats for Bruins

Player Name              G  A  P  +/- PIM S  H  SB GA TA FO     MP     PP MP  PK MP  
------------------------------------------------------------------------------------
Andrew Agozzino          0  0  0   0  0   2  1  0  2  0  6/9    16:49   0:00   0:00 
Beau Schmitz             0  0  0   1  0   1  1  1  0  0  0/0    15:34   0:00   0:47 
Borna Rendulic           0  1  1   1  0   2  1  0  2  0  0/2    20:30   1:48   0:00 
Brandon Alderson         0  0  0   0  0   0  0  0  0  0  0/0     1:00   0:03   0:00 
Buddy Robinson           0  0  0   0  2   2  1  0  0  1  6/7    18:42   0:00   2:43 
Cole Schneider           1  0  1   1  0   2  0  0  1  3  1/2    21:15   2:11   1:15 
Conor Allen              0  0  0  -1  0   1  1  0  0  3  0/0    28:29   3:33   3:59 
Dennis Everberg          0  0  0  -1  0   3  0  2  3  1  0/0    23:52   1:44   3:20 
Dennis Rasmussen         0  0  0   0  0   1  0  0  1  0  1/1     5:50   0:03   0:00 
Johan Alm                0  0  0   1  5   0  0  2  0  0  0/0    16:40   1:34   0:00 
Jordan Oesterle          0  0  0   0  0   1  0  2  1  2  0/0    23:06   0:25   1:58 
Kael Mouillierat         0  0  0   1  2   2  3  1  2  0  5/10   18:26   1:48   0:00 
Kevin Czuczman           0  0  0   0  0   0  0  0  0  0  0/0     0:31   0:00   0:00 
Kevin Porter             0  0  0  -1  2   0  1  1  4  1  0/0    21:25   2:07   1:35 
Magnus Nygren            0  0  0   0  5   1  1  1  1  4  0/0    20:50   0:25   1:16 
Marc Hagel               0  0  0   0  0   3  0  0  2  0  0/3    17:59   0:00   1:11 
Marko Dano               0  0  0  -1  0   1  1  0  4  0  4/17   18:12   2:10   1:50 
Raman Hrabarenka         0  0  0  -1  5   2  1  0  1  0  0/0    24:52   1:59   3:59 

Players Stats for Devils

Player Name              G  A  P  +/- PIM S  H  SB GA TA FO     MP     PP MP  PK MP  
------------------------------------------------------------------------------------
Austin Fyten             0  0  0  -1  0   0  2  1  0  1  0/1    11:07   0:00   0:00 
Brendan Leipsic          0  0  0  -1  0   1  1  0  3  2  2/4    12:35   0:00   0:19 
Colin Miller             0  0  0   0  2   1  2  0  1  1  0/0    26:57   4:01   1:24 
Curtis Hamilton          1  0  1   1  0   2  3  2  1  0  1/1    16:29   2:00   0:19 
Darroll Powe             0  1  1   1  0   0  1  1  2  1  3/9    16:24   2:00   0:16 
Gabriel Beaupre          0  0  0   0  5   1  0  2  0  2  0/0    19:50   1:56   0:35 
Garrett Thompson         0  0  0  -1  5   0  1  0  0  1  0/0    26:05   4:01   3:23 
Joel Hanley              0  0  0   0  0   1  1  1  0  0  0/0    21:42   1:56   0:51 
Jordan Martinook         0  0  0   0  0   2  2  1  2  2  4/7    23:03   3:57   3:23 
Matthew Ford             0  0  0   0  0   2  2  0  2  1  1/1    23:03   3:57   3:23 
Rod Pelley               0  0  0   0  5   1  0  1  0  0  6/6    11:41   0:00   0:00 
Scott Czarnowczan        0  0  0   0  0   0  0  1  0  1  0/0    16:57   0:00   1:43 
Sean Collins             0  0  0   0  0   4  0  0  7  1  10/19  17:16   3:57   0:16 
Sena Acolatse            0  0  0   1  2   0  1  2  0  1  0/0    20:05   0:00   0:00 
Tom Kuhnhackl            0  0  0   0  0   1  1  0  3  0  1/1    13:28   0:00   0:00 
Yanni Gourde             0  0  0   0  0   5  1  0  4  1  0/2    12:12   0:00   0:00 
Zach O'Brien             0  0  0   1  0   4  0  1  1  0  0/0    15:01   2:00   0:00 
Zack Mitchell            0  0  0  -1  0   2  1  1  4  0  0/0    12:23   0:00   0:00 

3 Stars

1 - Philipp Grubauer (Pro)
2 - Anthony Stolarz (ALB)
3 - Curtis Hamilton (ALB)

Power Play

Bruins - 0 on 2 Attempt(s) - 0.00%
Devils - 0 on 3 Attempt(s) - 0.00%

Penalty Kill

Bruins - 3 on 3 Attempt(s) - 100.00% - Score 0 goal in Penalty Kill
Devils - 2 on 2 Attempt(s) - 100.00% - Score 0 goal in Penalty Kill

Team Stat

Bruins - Hits : 12 - Faceoff Wins : 23 - Blocked Shots : 10 - Penalty Minutes : 21
Devils - Hits : 19 - Faceoff Wins : 28 - Blocked Shots : 14 - Penalty Minutes : 19

Official

Referees : Unknown
Linesman : Unknown

Game Notes

Rod Pelley beats up Magnus Nygren at 1:37 of 1st period
Gabriel Beaupre and Raman Hrabarenka fight to a draw at 1:48 of 3rd period
Johan Alm beats up Garrett Thompson at 16:00 of 3rd period

Finance

Level 1 -- Attendance: 1366 (68.30%) -- Ticket Income $47,810
Level 2 -- Attendance: 799 (79.90%) -- Ticket Income $11,985
Total Attendance: 2165 (72.17%)
Total Ticket Income: $59,795
Other Income: $29,300
Total Income: $89,095

Bruins

5 vs 5 Forward 
   Center                   Left Wing                Right Wing               Time % Phy DF OF 
 1 Marko Dano               Dennis Everberg          Kevin Porter             35     1   2  2  
 2 Kael Mouillierat         Cole Schneider           Borna Rendulic           30     1   2  2  
 3 Andrew Agozzino          Marc Hagel               Buddy Robinson           22     1   2  2  
 4 Dennis Rasmussen         Dennis Everberg          Cole Schneider           13     1   2  2  

5 vs 5 Defense 
   Defense                  Defense                                           Time % Phy DF OF 
 1 Raman Hrabarenka         Conor Allen                                       35     1   2  2  
 2 Magnus Nygren            Jordan Oesterle                                   30     1   2  2  
 3 Johan Alm                Beau Schmitz                                      22     1   2  2  
 4 Raman Hrabarenka         Conor Allen                                       13     1   2  2  

PowerPlay Forward 
   Center                   Left Wing                Right Wing               Time % Phy DF OF 
 1 Marko Dano               Dennis Everberg          Kevin Porter             60     1   2  2  
 2 Kael Mouillierat         Cole Schneider           Borna Rendulic           40     1   2  2  

PowerPlay Defense
   Defense                  Defense                                           Time % Phy DF OF 
 1 Raman Hrabarenka         Conor Allen                                       60     1   2  2  
 2 Magnus Nygren            Jordan Oesterle                                   40     1   2  2  

Penalty Kill 4 Players Forward 
   Center                   Wing                     Time % Phy DF OF 
 1 Buddy Robinson           Dennis Everberg          60     1   2  2  
 2 Kevin Porter             Cole Schneider           40     1   2  2  

Penalty Kill 4 Players Defense
   Defense                  Defense                  Time % Phy DF OF 
 1 Raman Hrabarenka         Conor Allen              60     1   2  2  
 2 Magnus Nygren            Jordan Oesterle          40     1   2  2  

Penalty Kill - 3 Players Forward 
   Forward                                           Time % Phy DF OF 
 1 Kevin Porter                                      60     1   2  2  
 2 Dennis Everberg                                   40     1   2  2  

Penalty Kill - 3 Players Defense
   Defense                  Defense                  Time % Phy DF OF 
 1 Raman Hrabarenka         Conor Allen              60     1   2  2  
 2 Magnus Nygren            Jordan Oesterle          40     1   2  2  

4 vs 4 Forward 
   Center                   Wing                     Time % Phy DF OF 
 1 Borna Rendulic           Dennis Everberg          60     1   2  2  
 2 Kevin Porter             Cole Schneider           40     1   2  2  

4 vs 4 Defense
   Defense                  Defense                  Time % Phy DF OF 
 1 Raman Hrabarenka         Conor Allen              60     1   2  2  
 2 Magnus Nygren            Jordan Oesterle          40     1   2  2  

Last Minutes Offensive
   Center                   Left Wing                Right Wing               Defense                  Defense                  
   Marko Dano               Dennis Everberg          Kevin Porter             Raman Hrabarenka         Conor Allen              

Last Minutes Defensive
   Center                   Left Wing                Right Wing               Defense                  Defense                  
   Marko Dano               Dennis Everberg          Kevin Porter             Raman Hrabarenka         Conor Allen              

Goaltenders
Starting : Philipp Grubauer         
Backup : Connor Hellebuyck        

Extra Forwards
Normal : Buddy Robinson, Andrew Agozzino, Marc Hagel - PP : Buddy Robinson, Andrew Agozzino - PK : Marc Hagel
Extra Defensemen
Normal : Johan Alm, Beau Schmitz, Magnus Nygren - PP : Johan Alm - PK : Beau Schmitz, Magnus Nygren
Penalty Shots
Andrew Agozzino, Dennis Everberg, Kevin Porter, Cole Schneider, Borna Rendulic

Devils

5 vs 5 Forward 
   Center                   Left Wing                Right Wing               Time % Phy DF OF 
 1 Sean Collins             Jordan Martinook         Matthew Ford             35     1   2  2  
 2 Darroll Powe             Curtis Hamilton          Zach O'Brien             30     1   2  2  
 3 Rod Pelley               Yanni Gourde             Tom Kuhnhackl            22     1   2  2  
 4 Brendan Leipsic          Austin Fyten             Zack Mitchell            13     1   2  2  

5 vs 5 Defense 
   Defense                  Defense                                           Time % Phy DF OF 
 1 Colin Miller             Garrett Thompson                                  35     1   2  2  
 2 Joel Hanley              Gabriel Beaupre                                   30     1   2  2  
 3 Sena Acolatse            Scott Czarnowczan                                 22     1   2  2  
 4 Colin Miller             Garrett Thompson                                  13     1   2  2  

PowerPlay Forward 
   Center                   Left Wing                Right Wing               Time % Phy DF OF 
 1 Sean Collins             Jordan Martinook         Matthew Ford             60     1   2  2  
 2 Darroll Powe             Curtis Hamilton          Zach O'Brien             40     1   2  2  

PowerPlay Defense
   Defense                  Defense                                           Time % Phy DF OF 
 1 Colin Miller             Garrett Thompson                                  60     1   2  2  
 2 Joel Hanley              Gabriel Beaupre                                   40     1   2  2  

Penalty Kill 4 Players Forward 
   Center                   Wing                     Time % Phy DF OF 
 1 Jordan Martinook         Matthew Ford             60     1   2  2  
 2 Sean Collins             Darroll Powe             40     1   2  2  

Penalty Kill 4 Players Defense
   Defense                  Defense                  Time % Phy DF OF 
 1 Colin Miller             Garrett Thompson         60     1   2  2  
 2 Joel Hanley              Gabriel Beaupre          40     1   2  2  

Penalty Kill - 3 Players Forward 
   Forward                                           Time % Phy DF OF 
 1 Jordan Martinook                                  60     1   2  2  
 2 Matthew Ford                                      40     1   2  2  

Penalty Kill - 3 Players Defense
   Defense                  Defense                  Time % Phy DF OF 
 1 Colin Miller             Garrett Thompson         60     1   2  2  
 2 Joel Hanley              Gabriel Beaupre          40     1   2  2  

4 vs 4 Forward 
   Center                   Wing                     Time % Phy DF OF 
 1 Jordan Martinook         Matthew Ford             60     1   2  2  
 2 Sean Collins             Darroll Powe             40     1   2  2  

4 vs 4 Defense
   Defense                  Defense                  Time % Phy DF OF 
 1 Colin Miller             Garrett Thompson         60     1   2  2  
 2 Joel Hanley              Gabriel Beaupre          40     1   2  2  

Last Minutes Offensive
   Center                   Left Wing                Right Wing               Defense                  Defense                  
   Sean Collins             Jordan Martinook         Matthew Ford             Colin Miller             Garrett Thompson         

Last Minutes Defensive
   Center                   Left Wing                Right Wing               Defense                  Defense                  
   Sean Collins             Jordan Martinook         Matthew Ford             Colin Miller             Garrett Thompson         

Goaltenders
Starting : Anthony Stolarz          
Backup : Jason Missiaen           

Extra Forwards
Normal : Tom Kuhnhackl, Zack Mitchell, Brendan Leipsic - PP : Tom Kuhnhackl, Zack Mitchell - PK : Brendan Leipsic
Extra Defensemen
Normal : Sena Acolatse, Scott Czarnowczan, Gabriel Beaupre - PP : Sena Acolatse - PK : Scott Czarnowczan, Gabriel Beaupre
Penalty Shots
Jordan Martinook, Matthew Ford, Sean Collins, Darroll Powe, Zach O'Brien

% Time on Ice - Bruins

Lines # - Real PCT - Wanted PCT - Time Play
Normal Forward
1 - 30% - 35% - 14:56
2 - 33% - 30% - 16:22
3 - 28% - 22% - 14:06
4 - 9% - 13% - 4:41
Normal Defense
1 - 31% - 35% - 15:31
2 - 37% - 30% - 18:17
3 - 27% - 22% - 13:25
4 - 6% - 13% - 2:52
PP Forward
1 - 55% - 60% - 2:10
2 - 45% - 40% - 1:48
PP Defense
1 - 89% - 60% - 3:33
2 - 11% - 40% - 0:25
PK Forward
1 - 89% - 60% - 5:19
2 - 11% - 40% - 0:38
PK Defense
1 - 67% - 60% - 3:59
2 - 33% - 40% - 1:58
PK3 Forward
1 - 0% - 60%
2 - 0% - 40%
PK3 Defense
1 - 0% - 60%
2 - 0% - 40%
44 Forward
1 - 100% - 60% - 5:00
2 - 0% - 40% - 0:00
44 Defense
1 - 51% - 60% - 2:34
2 - 49% - 40% - 2:26
Last Minute Offensive  - 0:00
Last Minute Defensive  - 0:00
Total
Forward - 65:00
Defense - 65:00

% Time on Ice - Devils

Lines # - Real PCT - Wanted PCT - Time Play
Normal Forward
1 - 26% - 35% - 13:08
2 - 27% - 30% - 13:38
3 - 24% - 22% - 12:12
4 - 22% - 13% - 11:07
Normal Defense
1 - 30% - 35% - 15:02
2 - 34% - 30% - 17:05
3 - 30% - 22% - 15:14
4 - 5% - 13% - 2:44
PP Forward
1 - 66% - 60% - 3:57
2 - 34% - 40% - 2:00
PP Defense
1 - 68% - 60% - 4:01
2 - 32% - 40% - 1:56
PK Forward
1 - 93% - 60% - 3:42
2 - 7% - 40% - 0:16
PK Defense
1 - 79% - 60% - 3:07
2 - 21% - 40% - 0:51
PK3 Forward
1 - 0% - 60%
2 - 0% - 40%
PK3 Defense
1 - 0% - 60%
2 - 0% - 40%
44 Forward
1 - 100% - 60% - 5:00
2 - 0% - 40% - 0:00
44 Defense
1 - 63% - 60% - 3:10
2 - 37% - 40% - 1:50
Last Minute Offensive  - 0:00
Last Minute Defensive  - 0:00
Total
Forward - 65:00
Defense - 65:00

Play by Play

1st period


0:01 of 1st period - Marko Dano wins face-off versus Sean Collins in neutral zone.
0:12 of 1st period - Garrett Thompson is hit by Conor Allen and loses puck.
0:33 of 1st period - Slapshot by Sean Collins.
0:33 of 1st period - Stopped by Philipp Grubauer with a rebound.
0:35 of 1st period - Slapshot by Sean Collins.
0:35 of 1st period - Shot Misses the Net.
1:37 of 1st period - Rod Pelley beats up Magnus Nygren.
1:37 of 1st period - Penalty to Rod Pelley for Fighting.
1:37 of 1st period - Penalty to Magnus Nygren for Fighting.
1:38 of 1st period - Andrew Agozzino wins face-off versus Brendan Leipsic in Bruins zone.
1:55 of 1st period - Wrist shot by Marc Hagel.
1:55 of 1st period - Stopped by Anthony Stolarz with a rebound.
2:31 of 1st period - Slapshot by Borna Rendulic.
2:31 of 1st period - Shot Misses the Net.
2:33 of 1st period - Slapshot by Conor Allen.
2:33 of 1st period - Shot Blocked by Scott Czarnowczan.
2:35 of 1st period - Snap shot by Kael Mouillierat.
2:35 of 1st period - Shot Misses the Net.
2:37 of 1st period - Snap shot by Kael Mouillierat.
2:37 of 1st period - Shot Blocked by Sena Acolatse.
2:39 of 1st period - Snap shot by Conor Allen.
2:39 of 1st period - Stopped by Anthony Stolarz with a rebound.
2:49 of 1st period - Snap shot by Kael Mouillierat.
2:49 of 1st period - Shot Misses the Net.
3:02 of 1st period - Icing by Zack Mitchell.
3:03 of 1st period - Marko Dano wins face-off versus Austin Fyten in Devils zone.
3:32 of 1st period - Wrist shot by Marko Dano.
3:32 of 1st period - Deflect By Zack Mitchell.
3:32 of 1st period - Shot Misses the Net.
3:32 of 1st period - Puck is out of play.
3:33 of 1st period - Andrew Agozzino wins face-off versus Sean Collins in Devils zone.
3:42 of 1st period - Snap shot by Buddy Robinson.
3:42 of 1st period - Stopped by Anthony Stolarz with a rebound.
4:26 of 1st period - Snap shot by Dennis Everberg.
4:26 of 1st period - Stopped by Anthony Stolarz with a rebound.
4:40 of 1st period - Backhand shot by Yanni Gourde.
4:40 of 1st period - Stopped by Philipp Grubauer with a rebound.
4:44 of 1st period - Slapshot by Yanni Gourde.
4:44 of 1st period - Shot Misses the Net.
4:46 of 1st period - Wrist shot by Tom Kuhnhackl.
4:46 of 1st period - Shot Blocked by Dennis Everberg.
4:56 of 1st period - Wrist shot by Yanni Gourde.
4:56 of 1st period - Shot Misses the Net.
4:58 of 1st period - Snap shot by Tom Kuhnhackl.
4:58 of 1st period - Stopped by Philipp Grubauer without a rebound.
4:59 of 1st period - Curtis Hamilton wins face-off versus Kael Mouillierat in Bruins zone.
5:06 of 1st period - Wrist shot by Zach O'Brien.
5:06 of 1st period - Stopped by Philipp Grubauer with a rebound.
5:08 of 1st period - Slapshot by Joel Hanley.
5:08 of 1st period - Shot Blocked by Jordan Oesterle.
5:36 of 1st period - Minor Penalty to Kael Mouillierat for Interference.
5:37 of 1st period - Buddy Robinson wins face-off versus Sean Collins in Bruins zone.
6:02 of 1st period - Snap shot by Jordan Martinook.
6:02 of 1st period - Stopped by Philipp Grubauer without a rebound.
6:03 of 1st period - Buddy Robinson wins face-off versus Darroll Powe in Bruins zone.
6:24 of 1st period - Backhand shot by Curtis Hamilton.
6:24 of 1st period - Stopped by Philipp Grubauer without a rebound.
6:25 of 1st period - Buddy Robinson wins face-off versus Sean Collins in Bruins zone.
6:37 of 1st period - Penalty to Magnus Nygren is over, Magnus Nygren is back on ice.
7:20 of 1st period - Conor Allen is hit by Curtis Hamilton and loses puck.
7:31 of 1st period - Slapshot by Raman Hrabarenka.
7:31 of 1st period - Shot Misses the Net.
7:33 of 1st period - Slapshot by Buddy Robinson.
7:33 of 1st period - Stopped by Anthony Stolarz without a rebound.
7:34 of 1st period - Sean Collins wins face-off versus Buddy Robinson in Devils zone.
7:36 of 1st period - Penalty to Kael Mouillierat is over, Kael Mouillierat is back on ice.
8:57 of 1st period - Wrist shot by Marko Dano.
8:57 of 1st period - Shot Misses the Net.
9:12 of 1st period - Wrist shot by Kevin Porter.
9:12 of 1st period - Shot Hit the Post.
9:14 of 1st period - Snap shot by Jordan Oesterle.
9:14 of 1st period - Stopped by Anthony Stolarz without a rebound.
9:15 of 1st period - Darroll Powe wins face-off versus Kael Mouillierat in Devils zone.
9:22 of 1st period - Slapshot by Zach O'Brien.
9:22 of 1st period - Stopped by Philipp Grubauer without a rebound.
9:23 of 1st period - Kael Mouillierat wins face-off versus Darroll Powe in Bruins zone.
9:23 of 1st period - Kael Mouillierat is hit by Colin Miller.
9:29 of 1st period - Jordan Oesterle is hit by Darroll Powe and loses puck.
10:44 of 1st period - Joel Hanley is hit by Buddy Robinson and loses puck.
10:51 of 1st period - Backhand shot by Gabriel Beaupre.
10:51 of 1st period - Stopped by Philipp Grubauer with a rebound.
10:53 of 1st period - Backhand shot by Joel Hanley.
10:53 of 1st period - Stopped by Philipp Grubauer with a rebound.
10:55 of 1st period - Wrist shot by Yanni Gourde.
10:55 of 1st period - Shot Misses the Net.
11:03 of 1st period - Wrist shot by Yanni Gourde.
11:03 of 1st period - Shot Misses the Net.
12:28 of 1st period - Johan Alm is hit by Curtis Hamilton and loses puck.
14:00 of 1st period - Slapshot by Borna Rendulic.
14:00 of 1st period - Shot Misses the Net.
14:06 of 1st period - Beau Schmitz is hit by Austin Fyten and loses puck.
16:26 of 1st period - Wrist shot by Jordan Martinook.
16:26 of 1st period - Shot Misses the Net.
18:14 of 1st period - Wrist shot by Zack Mitchell.
18:14 of 1st period - Stopped by Philipp Grubauer with a rebound.
18:16 of 1st period - Slapshot by Zack Mitchell.
18:16 of 1st period - Stopped by Philipp Grubauer without a rebound.
18:17 of 1st period - Sean Collins wins face-off versus Kael Mouillierat in Bruins zone.
18:22 of 1st period - Snap shot by Borna Rendulic.
18:22 of 1st period - Stopped by Anthony Stolarz with a rebound.
18:24 of 1st period - Minor Penalty to Sena Acolatse for High sticking.
18:25 of 1st period - Jordan Martinook wins face-off versus Cole Schneider in Devils zone.
18:58 of 1st period - Garrett Thompson is hit by Kael Mouillierat and loses puck.
19:23 of 1st period - Joel Hanley is hit by Raman Hrabarenka and loses puck.
19:30 of 1st period - Backhand shot by Marko Dano.
19:30 of 1st period - Shot Misses the Net.
Goals for this period are 0 for Bruins vs 0 for Devils.
Shots for this period are 7 for Bruins vs 11 for Devils.

2nd period


0:01 of 2nd period - Jordan Martinook wins face-off versus Marko Dano in neutral zone.
0:04 of 2nd period - Marko Dano is hit by Matthew Ford.
0:08 of 2nd period - Snap shot by Raman Hrabarenka.
0:08 of 2nd period - Shot Misses the Net.
0:24 of 2nd period - Penalty to Sena Acolatse is over, Sena Acolatse is back on ice.
0:28 of 2nd period - Snap shot by Marko Dano.
0:28 of 2nd period - Shot Misses the Net.
0:30 of 2nd period - Snap shot by Dennis Everberg.
0:30 of 2nd period - Stopped by Anthony Stolarz with a rebound.
0:58 of 2nd period - Slapshot by Kael Mouillierat.
0:58 of 2nd period - Shot Hit the Post.
1:05 of 2nd period - Off-side.
1:06 of 2nd period - Darroll Powe wins face-off versus Andrew Agozzino in neutral zone.
1:19 of 2nd period - Wrist shot by Marc Hagel.
1:19 of 2nd period - Shot Blocked by Curtis Hamilton.
1:21 of 2nd period - Snap shot by Marc Hagel.
1:21 of 2nd period - Stopped by Anthony Stolarz with a rebound.
1:27 of 2nd period - Wrist shot by Buddy Robinson.
1:27 of 2nd period - Shot Misses the Net.
1:29 of 2nd period - Slapshot by Johan Alm.
1:29 of 2nd period - Shot Blocked by Joel Hanley.
2:05 of 2nd period - Snap shot by Tom Kuhnhackl.
2:05 of 2nd period - Shot Blocked by Kael Mouillierat.
2:07 of 2nd period - Snap shot by Rod Pelley.
2:07 of 2nd period - Shot Misses the Net.
2:09 of 2nd period - Snap shot by Tom Kuhnhackl.
2:09 of 2nd period - Shot Misses the Net.
2:13 of 2nd period - Slapshot by Yanni Gourde.
2:13 of 2nd period - Shot Misses the Net.
2:15 of 2nd period - Wrist shot by Rod Pelley.
2:15 of 2nd period - Shot Misses the Net.
2:17 of 2nd period - Slapshot by Scott Czarnowczan.
2:17 of 2nd period - Deflect By Yanni Gourde.
2:17 of 2nd period - Stopped by Philipp Grubauer with a rebound.
2:19 of 2nd period - Slapshot by Sena Acolatse.
2:19 of 2nd period - Shot Misses the Net.
2:21 of 2nd period - Snap shot by Tom Kuhnhackl.
2:21 of 2nd period - Shot Blocked by Jordan Oesterle.
2:50 of 2nd period - Snap shot by Zack Mitchell.
2:50 of 2nd period - Deflect By Brendan Leipsic.
2:50 of 2nd period - Shot Blocked by Magnus Nygren.
2:50 of 2nd period - Puck is out of play.
2:51 of 2nd period - Brendan Leipsic wins face-off versus Marko Dano in Bruins zone.
3:52 of 2nd period - Zack Mitchell is hit by Andrew Agozzino and loses puck.
3:57 of 2nd period - Wrist shot by Andrew Agozzino.
3:57 of 2nd period - Shot Misses the Net.
3:59 of 2nd period - Wrist shot by Andrew Agozzino.
3:59 of 2nd period - Stopped by Anthony Stolarz with a rebound.
5:22 of 2nd period - Marc Hagel is hit by Sena Acolatse and loses puck.
6:44 of 2nd period - Snap shot by Kevin Porter.
6:44 of 2nd period - Shot Misses the Net.
6:56 of 2nd period - Snap shot by Marko Dano.
6:56 of 2nd period - Shot Blocked by Rod Pelley.
7:17 of 2nd period - Wrist shot by Cole Schneider.
7:17 of 2nd period - Shot Misses the Net.
7:19 of 2nd period - Slapshot by Beau Schmitz.
7:19 of 2nd period - Stopped by Anthony Stolarz without a rebound.
7:20 of 2nd period - Dennis Rasmussen wins face-off versus Sean Collins in Devils zone.
7:45 of 2nd period - Snap shot by Sean Collins.
7:45 of 2nd period - Shot Hit the Post.
8:16 of 2nd period - Borna Rendulic is hit by Zack Mitchell.
8:26 of 2nd period - Snap shot by Marko Dano.
8:26 of 2nd period - Stopped by Anthony Stolarz with a rebound.
8:32 of 2nd period - Slapshot by Marko Dano.
8:32 of 2nd period - Shot Misses the Net.
9:09 of 2nd period - Snap shot by Rod Pelley.
9:09 of 2nd period - Shot Misses the Net.
9:11 of 2nd period - Snap shot by Yanni Gourde.
9:11 of 2nd period - Shot Misses the Net.
9:13 of 2nd period - Wrist shot by Rod Pelley.
9:13 of 2nd period - Stopped by Philipp Grubauer without a rebound.
9:14 of 2nd period - Rod Pelley wins face-off versus Marko Dano in Bruins zone.
9:15 of 2nd period - Slapshot by Yanni Gourde.
9:15 of 2nd period - Shot Blocked by Dennis Everberg.
9:25 of 2nd period - Minor Penalty to Kevin Porter for Hooking.
9:26 of 2nd period - Buddy Robinson wins face-off versus Sean Collins in Bruins zone.
9:35 of 2nd period - Wrist shot by Raman Hrabarenka.
9:35 of 2nd period - Stopped by Anthony Stolarz with a rebound.
9:37 of 2nd period - Slapshot by Raman Hrabarenka.
9:37 of 2nd period - Stopped by Anthony Stolarz without a rebound.
9:38 of 2nd period - Buddy Robinson wins face-off versus Sean Collins in Devils zone.
11:25 of 2nd period - Penalty to Kevin Porter is over, Kevin Porter is back on ice.
11:59 of 2nd period - Wrist shot by Tom Kuhnhackl.
11:59 of 2nd period - Shot Hit the Post.
12:25 of 2nd period - Johan Alm is hit by Austin Fyten and loses puck.
12:46 of 2nd period - Snap shot by Kael Mouillierat.
12:46 of 2nd period - Shot Blocked by Zack Mitchell.
13:08 of 2nd period - Darroll Powe is hit by Marko Dano and loses puck.
13:35 of 2nd period - Wrist shot by Marc Hagel.
13:35 of 2nd period - Shot Blocked by Gabriel Beaupre.
15:06 of 2nd period - Icing by Kael Mouillierat.
15:07 of 2nd period - Kael Mouillierat wins face-off versus Sean Collins in Bruins zone.
16:08 of 2nd period - Wrist shot by Dennis Rasmussen.
16:08 of 2nd period - Shot Blocked by Austin Fyten.
16:10 of 2nd period - Wrist shot by Dennis Rasmussen.
16:10 of 2nd period - Stopped by Anthony Stolarz without a rebound.
16:11 of 2nd period - Rod Pelley wins face-off versus Marko Dano in Devils zone.
18:12 of 2nd period - Wrist shot by Kael Mouillierat.
18:12 of 2nd period - Stopped by Anthony Stolarz without a rebound.
18:13 of 2nd period - Kael Mouillierat wins face-off versus Darroll Powe in Devils zone.
18:40 of 2nd period - Wrist shot by Marko Dano.
18:40 of 2nd period - Deflect By Dennis Everberg.
18:40 of 2nd period - Shot Misses the Net.
18:40 of 2nd period - Puck is out of play.
18:41 of 2nd period - Rod Pelley wins face-off versus Marko Dano in Devils zone.
18:41 of 2nd period - Rod Pelley is hit by Beau Schmitz.
19:33 of 2nd period - Cole Schneider is hit by Jordan Martinook and loses puck.
Goals for this period are 0 for Bruins vs 0 for Devils.
Shots for this period are 9 for Bruins vs 2 for Devils.

3rd period


0:01 of 3rd period - Sean Collins wins face-off versus Marko Dano in neutral zone.
0:10 of 3rd period - Matthew Ford is hit by Kevin Porter and loses puck.
1:10 of 3rd period - Slapshot by Borna Rendulic.
1:10 of 3rd period - Shot Blocked by Darroll Powe.
1:16 of 3rd period - Wrist shot by Kael Mouillierat.
1:16 of 3rd period - Shot Misses the Net.
1:18 of 3rd period - Slapshot by Borna Rendulic.
1:18 of 3rd period - Shot Blocked by Curtis Hamilton.
1:20 of 3rd period - Slapshot by Magnus Nygren.
1:20 of 3rd period - Deflect By Borna Rendulic.
1:20 of 3rd period - Deflect By Zach O'Brien.
1:20 of 3rd period - Shot Misses the Net.
1:20 of 3rd period - Puck is out of play.
1:21 of 3rd period - Rod Pelley wins face-off versus Marc Hagel in Devils zone.
1:34 of 3rd period - Slapshot by Yanni Gourde.
1:34 of 3rd period - Stopped by Philipp Grubauer without a rebound.
1:35 of 3rd period - Andrew Agozzino wins face-off versus Yanni Gourde in Bruins zone.
1:35 of 3rd period - Andrew Agozzino is hit by Yanni Gourde.
1:43 of 3rd period - Snap shot by Yanni Gourde.
1:43 of 3rd period - Stopped by Philipp Grubauer without a rebound.
1:44 of 3rd period - Sean Collins wins face-off versus Kael Mouillierat in Bruins zone.
1:48 of 3rd period - Gabriel Beaupre and Raman Hrabarenka fight to a draw.
1:48 of 3rd period - Penalty to Gabriel Beaupre for Fighting.
1:48 of 3rd period - Penalty to Raman Hrabarenka for Fighting.
1:49 of 3rd period - Sean Collins wins face-off versus Marko Dano in neutral zone.
2:10 of 3rd period - Minor Penalty to Colin Miller for High sticking.
2:11 of 3rd period - Marko Dano wins face-off versus Jordan Martinook in Devils zone.
2:36 of 3rd period - Off-side.
2:37 of 3rd period - Kael Mouillierat wins face-off versus Jordan Martinook in neutral zone.
3:10 of 3rd period - Cole Schneider is hit by Matthew Ford and loses puck.
3:44 of 3rd period - Wrist shot by Dennis Everberg.
3:44 of 3rd period - Shot Blocked by Jordan Martinook.
4:03 of 3rd period - Off-side.
4:04 of 3rd period - Cole Schneider wins face-off versus Darroll Powe in neutral zone.
4:10 of 3rd period - Penalty to Colin Miller is over, Colin Miller is back on ice.
4:28 of 3rd period - Darroll Powe is hit by Kael Mouillierat and loses puck.
5:03 of 3rd period - Wrist shot by Andrew Agozzino.
5:03 of 3rd period - Stopped by Anthony Stolarz without a rebound.
5:04 of 3rd period - Rod Pelley wins face-off versus Andrew Agozzino in Devils zone.
5:31 of 3rd period - Wrist shot by Tom Kuhnhackl.
5:31 of 3rd period - Shot Blocked by Johan Alm.
5:33 of 3rd period - Snap shot by Rod Pelley.
5:33 of 3rd period - Shot Blocked by Johan Alm.
5:59 of 3rd period - Jordan Oesterle is hit by Brendan Leipsic and loses puck.
6:42 of 3rd period - Slapshot by Cole Schneider.
6:42 of 3rd period - Stopped by Anthony Stolarz with a rebound.
6:56 of 3rd period - Wrist shot by Zach O'Brien.
6:56 of 3rd period - Shot Blocked by Beau Schmitz.
7:28 of 3rd period - Snap shot by Sean Collins.
7:28 of 3rd period - Deflect By Jordan Martinook.
7:28 of 3rd period - Stopped by Philipp Grubauer without a rebound.
7:29 of 3rd period - Sean Collins wins face-off versus Marko Dano in Bruins zone.
7:46 of 3rd period - Wrist shot by Dennis Everberg.
7:46 of 3rd period - Stopped by Anthony Stolarz without a rebound.
7:47 of 3rd period - Marko Dano wins face-off versus Yanni Gourde in Devils zone.
8:02 of 3rd period - Tom Kuhnhackl is hit by Kael Mouillierat and loses puck.
8:31 of 3rd period - Snap shot by Buddy Robinson.
8:31 of 3rd period - Shot Misses the Net.
8:33 of 3rd period - Slapshot by Magnus Nygren.
8:33 of 3rd period - Deflect By Andrew Agozzino.
8:33 of 3rd period - Shot Misses the Net.
8:33 of 3rd period - Puck is out of play.
8:34 of 3rd period - Andrew Agozzino wins face-off versus Darroll Powe in Devils zone.
9:35 of 3rd period - Slapshot by Sean Collins.
9:35 of 3rd period - Stopped by Philipp Grubauer without a rebound.
9:36 of 3rd period - Andrew Agozzino wins face-off versus Brendan Leipsic in Bruins zone.
9:51 of 3rd period - Buddy Robinson is hit by Garrett Thompson and loses puck.
10:14 of 3rd period - Snap shot by Cole Schneider.
10:14 of 3rd period - Goal by Cole Schneider - Bruins : 1 - Devils : 0.
10:15 of 3rd period - Sean Collins wins face-off versus Marko Dano in neutral zone.
10:47 of 3rd period - Icing by Sean Collins.
10:48 of 3rd period - Andrew Agozzino wins face-off versus Sean Collins in Devils zone.
11:35 of 3rd period - Borna Rendulic is hit by Curtis Hamilton and loses puck.
11:45 of 3rd period - Snap shot by Kael Mouillierat.
11:45 of 3rd period - Shot Misses the Net.
11:57 of 3rd period - Wrist shot by Kael Mouillierat.
11:57 of 3rd period - Stopped by Anthony Stolarz with a rebound.
11:59 of 3rd period - Slapshot by Conor Allen.
11:59 of 3rd period - Shot Misses the Net.
12:01 of 3rd period - Slapshot by Borna Rendulic.
12:01 of 3rd period - Shot Blocked by Zach O'Brien.
12:44 of 3rd period - Minor Penalty to Buddy Robinson for Tripping.
12:45 of 3rd period - Sean Collins wins face-off versus Marc Hagel in Bruins zone.
13:06 of 3rd period - Slapshot by Sean Collins.
13:06 of 3rd period - Deflect By Matthew Ford.
13:06 of 3rd period - Stopped by Philipp Grubauer without a rebound.
13:07 of 3rd period - Sean Collins wins face-off versus Marc Hagel in Bruins zone.
13:49 of 3rd period - Kevin Porter is hit by Colin Miller and loses puck.
14:44 of 3rd period - Penalty to Buddy Robinson is over, Buddy Robinson is back on ice.
14:48 of 3rd period - Dennis Everberg is hit by Joel Hanley and loses puck.
14:53 of 3rd period - Snap shot by Zach O'Brien.
14:53 of 3rd period - Stopped by Philipp Grubauer with a rebound.
15:01 of 3rd period - Snap shot by Zach O'Brien.
15:01 of 3rd period - Stopped by Philipp Grubauer with a rebound.
15:21 of 3rd period - Icing by Tom Kuhnhackl.
15:22 of 3rd period - Tom Kuhnhackl wins face-off versus Kael Mouillierat in Devils zone.
15:22 of 3rd period - Tom Kuhnhackl is hit by Borna Rendulic.
15:30 of 3rd period - Magnus Nygren is hit by Tom Kuhnhackl and loses puck.
15:39 of 3rd period - Snap shot by Kael Mouillierat.
15:39 of 3rd period - Shot Misses the Net.
15:41 of 3rd period - Slapshot by Johan Alm.
15:41 of 3rd period - Shot Misses the Net.
16:00 of 3rd period - Johan Alm beats up Garrett Thompson.
16:00 of 3rd period - Penalty to Garrett Thompson for Fighting.
16:00 of 3rd period - Penalty to Johan Alm for Fighting.
16:01 of 3rd period - Brendan Leipsic wins face-off versus Andrew Agozzino in neutral zone.
16:04 of 3rd period - Snap shot by Marc Hagel.
16:04 of 3rd period - Stopped by Anthony Stolarz with a rebound.
17:37 of 3rd period - Wrist shot by Yanni Gourde.
17:37 of 3rd period - Stopped by Philipp Grubauer without a rebound.
17:38 of 3rd period - Rod Pelley wins face-off versus Marko Dano in Bruins zone.
17:45 of 3rd period - Backhand shot by Tom Kuhnhackl.
17:45 of 3rd period - Deflect By Yanni Gourde.
17:45 of 3rd period - Shot Misses the Net.
17:45 of 3rd period - Puck is out of play.
17:46 of 3rd period - Darroll Powe wins face-off versus Marko Dano in Bruins zone.
17:47 of 3rd period - Snap shot by Curtis Hamilton.
17:47 of 3rd period - Goal by Curtis Hamilton - Bruins : 1 - Devils : 1.
17:48 of 3rd period - Sean Collins wins face-off versus Marko Dano in neutral zone.
17:53 of 3rd period - Snap shot by Sean Collins.
17:53 of 3rd period - Stopped by Philipp Grubauer without a rebound.
17:54 of 3rd period - Matthew Ford wins face-off versus Marko Dano in Bruins zone.
17:57 of 3rd period - Wrist shot by Sean Collins.
17:57 of 3rd period - Stopped by Philipp Grubauer with a rebound.
18:11 of 3rd period - Wrist shot by Kevin Porter.
18:11 of 3rd period - Deflect By Marko Dano.
18:11 of 3rd period - Shot Blocked by Sena Acolatse.
18:11 of 3rd period - Puck is out of play.
18:12 of 3rd period - Kael Mouillierat wins face-off versus Darroll Powe in Devils zone.
18:15 of 3rd period - Snap shot by Borna Rendulic.
18:15 of 3rd period - Stopped by Anthony Stolarz with a rebound.
18:21 of 3rd period - Slapshot by Colin Miller.
18:21 of 3rd period - Shot Misses the Net.
18:23 of 3rd period - Slapshot by Sena Acolatse.
18:23 of 3rd period - Shot Misses the Net.
18:25 of 3rd period - Wrist shot by Curtis Hamilton.
18:25 of 3rd period - Shot Misses the Net.
18:27 of 3rd period - Backhand shot by Colin Miller.
18:27 of 3rd period - Deflect By Cole Schneider.
18:27 of 3rd period - Stopped by Philipp Grubauer with a rebound.
19:22 of 3rd period - Slapshot by Jordan Martinook.
19:22 of 3rd period - Shot Misses the Net.
Goals for this period are 1 for Bruins vs 1 for Devils.
Shots for this period are 7 for Bruins vs 12 for Devils.

Overtime #1


0:01 of 1st overtime period - Jordan Martinook wins face-off versus Borna Rendulic in neutral zone.
0:14 of 1st overtime period - Wrist shot by Jordan Martinook.
0:14 of 1st overtime period - Deflect By Matthew Ford.
0:14 of 1st overtime period - Shot Misses the Net.
0:14 of 1st overtime period - Puck is out of play.
0:15 of 1st overtime period - Jordan Martinook wins face-off versus Borna Rendulic in Bruins zone.
0:16 of 1st overtime period - Slapshot by Colin Miller.
0:16 of 1st overtime period - Shot Misses the Net.
1:00 of 1st overtime period - Penalty to Garrett Thompson is over, Garrett Thompson is back on ice.
1:00 of 1st overtime period - Penalty to Johan Alm is over, Johan Alm is back on ice.
1:06 of 1st overtime period - Jordan Oesterle is hit by Jordan Martinook.
1:38 of 1st overtime period - Slapshot by Magnus Nygren.
1:38 of 1st overtime period - Deflect By Matthew Ford.
1:38 of 1st overtime period - Stopped by Anthony Stolarz with a rebound.
1:40 of 1st overtime period - Slapshot by Borna Rendulic.
1:40 of 1st overtime period - Shot Blocked by Gabriel Beaupre.
2:16 of 1st overtime period - Colin Miller is hit by Magnus Nygren and loses puck.
2:38 of 1st overtime period - Snap shot by Brendan Leipsic.
2:38 of 1st overtime period - Stopped by Philipp Grubauer with a rebound.
3:50 of 1st overtime period - Snap shot by Matthew Ford.
3:50 of 1st overtime period - Stopped by Philipp Grubauer without a rebound.
3:51 of 1st overtime period - Buddy Robinson wins face-off versus Jordan Martinook in Bruins zone.
4:29 of 1st overtime period - Snap shot by Zack Mitchell.
4:29 of 1st overtime period - Shot Blocked by Kevin Porter.
4:31 of 1st overtime period - Snap shot by Tom Kuhnhackl.
4:31 of 1st overtime period - Shot Misses the Net.
4:33 of 1st overtime period - Wrist shot by Zack Mitchell.
4:33 of 1st overtime period - Shot Hit the Post.
Goals for this period are 0 for Bruins vs 0 for Devils.
Shots for this period are 1 for Bruins vs 2 for Devils.

ShootOut


5:00 of 1st overtime period - Penalty Shot by Andrew Agozzino for Bruins.
5:00 of 1st overtime period - Backhand shot by Andrew Agozzino.
5:00 of 1st overtime period - Stopped by Anthony Stolarz.
5:00 of 1st overtime period - Penalty Shot by Jordan Martinook for Devils.
5:00 of 1st overtime period - Wrist shot by Jordan Martinook.
5:00 of 1st overtime period - Shot Misses the Net.
5:00 of 1st overtime period - Penalty Shot by Dennis Everberg for Bruins.
5:00 of 1st overtime period - Deke by Dennis Everberg.
5:00 of 1st overtime period - Stopped by Anthony Stolarz.
5:00 of 1st overtime period - Penalty Shot by Matthew Ford for Devils.
5:00 of 1st overtime period - Backhand shot by Matthew Ford.
5:00 of 1st overtime period - Stopped by Philipp Grubauer.
5:00 of 1st overtime period - Penalty Shot by Kevin Porter for Bruins.
5:00 of 1st overtime period - Snap shot by Kevin Porter.
5:00 of 1st overtime period - Stopped by Anthony Stolarz.
5:00 of 1st overtime period - Penalty Shot by Sean Collins for Devils.
5:00 of 1st overtime period - Snap shot by Sean Collins.
5:00 of 1st overtime period - Stopped by Philipp Grubauer.
5:00 of 1st overtime period - Penalty Shot by Cole Schneider for Bruins.
5:00 of 1st overtime period - Backhand shot by Cole Schneider.
5:00 of 1st overtime period - Stopped by Anthony Stolarz.
5:00 of 1st overtime period - Penalty Shot by Darroll Powe for Devils.
5:00 of 1st overtime period - Deke by Darroll Powe.
5:00 of 1st overtime period - Stopped by Philipp Grubauer.
5:00 of 1st overtime period - Penalty Shot by Borna Rendulic for Bruins.
5:00 of 1st overtime period - Snap shot by Borna Rendulic.
5:00 of 1st overtime period - Goal by Borna Rendulic.
5:00 of 1st overtime period - Penalty Shot by Zach O'Brien for Devils.
5:00 of 1st overtime period - Deke by Zach O'Brien.
5:00 of 1st overtime period - Stopped by Philipp Grubauer.